 Seeded DCSS version 0.28.0 (webtiles) character file.

Game seed: 6345740197482718906 (custom seed)

9 ravioli the Digger (level 2, 17/17 HPs)
             Began as an Octopode Earth Elementalist on Feb 10, 2022.
             Was a Follower of Uskayaw.
             Quit the game on level 1 of the Dungeon.
             The game lasted 00:00:54 (813 turns).

ravioli the Digger (Octopode Earth Elementalist)     Turns: 813, Time: 00:00:54

Health: 17/17      AC:  1    Str:  7    XL:     2   Next: 12%
Magic:  5/5        EV: 13    Int: 17    God:    Uskayaw [*.....]
Gold:   46         SH:  0    Dex: 12    Spells: 4/5 levels left

rFire   . . .      SeeInvis .   (no weapon)
rCold   . . .      Faith    .   (no shield)
rNeg    . . .      Spirit   .   (helmet restricted)
rPois   .          Reflect  .   (no amulet)
rElec   .          Harm     .   (no ring)
rCorr   .          Rampage  .   (no ring)
Will    .....                   (no ring)
Stlth   +++.......              (no ring)
HPRegen 0.05/turn               (no ring)
MPRegen 0.09/turn               (no ring)
                                (no ring)
                                (no ring)

@: no status effects
A: almost no armour, amphibious, 8 rings, camouflage 1, gelatinous body 1,
(nimble swimmer 1), tentacles
a: Renounce Religion, Stomp


You were on level 1 of the Dungeon.
You worshipped Uskayaw.
Uskayaw was noncommittal.
You visited 1 branch of the dungeon, and saw 1 of its levels.

You collected 46 gold pieces.

Inventory:

Missiles
 b - 21 stones
Jewellery
 a - a +6 ring of strength
Potions
 c - a potion of ambrosia {unknown}


   Skills:
 + Level 2.1 Dodging
 + Level 2.9 Stealth
 + Level 2.1 Spellcasting
 + Level 1.0 Transmutations
 + Level 3.2 Earth Magic


You had 4 spell levels left.
You knew the following spells:

 Your Spells              Type           Power      Damage    Failure   Level
a - Sandblast             Erth           24%        2d8       4%          1

Your spell library contained the following spells:

 Spells                   Type           Power      Damage    Failure   Level
 Passwall                 Tmut/Erth      7%         N/A       12%         2
 Animate Skeleton         Necr           2%         N/A       19%         1
 Apportation              Tloc           2%         N/A       19%         1
 Summon Small Mammal      Summ           4%         N/A       19%         1
 Stone Arrow              Conj/Erth      14%        3d7       28%         3
 Petrify                  Tmut/Erth      9%         N/A       61%         4


Dungeon Overview and Level Annotations

Branches:
Dungeon (1/15)

Altars:
Uskayaw


Innate Abilities, Weirdness & Mutations

You cannot wear most types of armour.
You are amphibious.
You can wear up to eight rings at the same time.
Your skin changes colour to match your surroundings (Stealth+).
Your rubbery body absorbs attacks. (AC +1, EV +1)
((You are camouflaged when in or above water. (Stealth+)))
You have tentacles for arms and can constrict up to eight enemies at once.


Message History

Press: ? - help, Q - select action, (/) - cycle Shift-Dir - straight line, f - rat
Aim: a rat (asleep, 100% to hit)
The blast of sand hits the rat!
You kill the rat!
Unknown command.
You start resting.
Magic restored.
You now have 45 gold pieces (gained 3).
You now have 46 gold pieces (gained 1).
You open the door.
Found a robe.
There is an open door here.
You open the door.
There is an open door here.
You open the door.
Found two gnoll skeletons.
There is an open door here.
Found a quarterstaff.
There is an open door here.
You open the door.
A ball python comes into view.
Found a faded altar of an unknown god.
There is an open door here.
Aiming: Sandblast (safe; 4% risk of failure)
Press: ? - help, Q - select action, (/) - cycle Shift-Dir - straight line, f - ball python
Aim: a ball python (asleep, 100% to hit)
The blast of sand hits the ball python!
You kill the ball python!
Unknown command.
You start resting.
Magic restored.
You see here a ball python corpse.
There is a faded altar of an unknown god here.
Unknown command.
Press < or > to pray at altars.
You cannot tell which god this altar belongs to.
Convert to them anyway?
Uskayaw accepts your prayer! Uskayaw welcomes you!
You can now stomp with the beat.
Are you sure you want to abandon this character and quit the game? (Confirm with "yes".)

###.####.########
#.
......#.........#
#.
###.#.#.........#
#.
###.#...♣♣♣♣♣♣..#
.. .##.##..♣÷♣.♣♣
.).
###....#####P♣♣♣
# #
####.#...#P..♣♣
#.♣...#..PP♣♣
#.'.8.'..†.@♣ #
#.♣...#.PP♣♣♣ ##
#.#...#PP♣♣ .##
#.#####PP♣ ..##
#..♣÷♣..♣♣
...####.♣♣♣♣♣♣.
...'...........
.[.####....#...
..## ##..##


There were no monsters in sight!

Vanquished Creatures
  A ball python (D:1)
  4 jackals (D:1)
  A bat (D:1)
  2 rats (D:1)
8 creatures vanquished.

Notes
Turn   | Place    | Note
-------+----------+-------------------------------------------
     0 | D:1      | ravioli the Octopode Earth Elementalist began the quest for
                  | the Orb.
     0 | D:1      | Reached XP level 1. HP: 11/11 MP: 3/3
   527 | D:1      | Reached XP level 2. HP: 17/17 MP: 0/5
   794 | D:1      | Found a faded altar of an unknown god.
   812 | D:1      | Prayed at the altar of an unknown god.
   812 | D:1      | Became a worshipper of Uskayaw the Reveller
   812 | D:1      | Reached * piety under Uskayaw
   813 | D:1      | Quit the game

Illustrated notes

Levels and vault maps discovered:
D:1:      wheals_arrival_shading, layout_loops_corners,
          dilly_ecumenical_altar_fadedgnrine, minmay_crystal_water

Action                   || total
-------------------------++-------
Melee: Unarmed           ||    12
       Constrict         ||     3
       Tentacles         ||     3
 Cast: Sandblast         ||     9
Dodge: Dodged            ||    10
